Cogmind - Beta 13 @@@ ROGUE MODE // 2024.05.01 @ 14:29:33 Player: Exceptionally Mediocre Result: Destroyed by as-61379 with Assembled Blade Performance ------------- Evolutions (0) 0 Regions Visited (2) 400 Robots Destroyed (28) 140 Value Destroyed (562) 562 Prototype IDs (2) 40 Alien Tech Used (0) 0 Bonus (0) 0 TOTAL SCORE: 1142 Bonus ------- None Cogmind --------- Core Integrity 0/250 Matter 280/300 Energy 226/250 System Corruption 9% Temperature Cool (51) Movement Treading (320) Ox2 Location -10/Mines Parts ------- > --- POWER (1) -------- Ion Engine > --- PROPULSION (2) --- Light Treads > --- UTILITY (2) ------ High-capacity Storage Unit > --- WEAPON (2) ------- EM Pulse Gun > --- INVENTORY (20) --- Light Ion Engine Light Ion Engine Light Treads Heat Sink Heat Sink Heat Sink Medium Storage Unit Structural Scanner Structural Scanner Beam Cannon Beam Cannon Light Assault Rifle Light Assault Rifle Peak State ------------ > --- POWER ------------ Ion Engine > --- PROPULSION ------- Light Treads Light Treads > --- UTILITY ---------- Small Storage Unit Improved Terrain Scanner > --- WEAPON ----------- Small Laser Small Laser > --- INVENTORY -------- Light Ion Engine EM Pulse Gun [Rating: 9] Favorites ----------- Power Ion Engine Engine Ion Engine Propulsion Light Treads Treads Light Treads Utility Small Storage Unit Device Improved Terrain Scanner Storage Small Storage Unit Protection Light Armor Plating Weapon Beam Cannon Energy Gun Small Laser Energy Cannon Beam Cannon Launcher Grenade Launcher Build | -11 -10 -10 ------- Run | Yrd Mat Min Slots Evolved . | . . . Power . | . . . Propulsion . | . . . Utility . | . . . Weapon . | . . . Parts Attached 26 | 8 15 3 Power 1 | 1 . . Engine 1 | 1 . . Core . | . . . Reactor . | . . . Propulsion 5 | 2 3 . Treads 5 | 2 3 . Leg . | . . . Wheel . | . . . Hover . | . . . Flight . | . . . Utility 6 | 2 3 1 Device 2 | 1 1 . Storage 3 | 1 2 . Processor . | . . . Hackware . | . . . Protection 1 | . . 1 Artifact . | . . . Weapon 14 | 3 9 2 Energy Gun 7 | 3 3 1 Energy Cannon 3 | . 3 . Ballistic Gun . | . . . Ballistic Cannon . | . . . Launcher 4 | . 3 1 Special Weapon . | . . . Impact Weapon . | . . . Slashing Weapon . | . . . Piercing Weapon . | . . . Special Melee Weapon . | . . . Unidentified Prototypes . | . . . Parts Lost 4 | . . 4 Power . | . . . Propulsion 1 | . . 1 Utility 1 | . . 1 Weapon 2 | . . 2 Highest Loss Streak 4 | . . 4 To Critical Strikes . | . . . Average Slot Usage (%) 99 | . 99 78 Engine 14 | . 14 14 Treads 27 | . 27 21 Device 13 | . 13 7 Storage 14 | . 14 14 Energy Gun 7 | . 7 7 Energy Cannon 17 | . 17 7 Launcher 2 | . 2 7 Naked Turns . | . . . Heaviest Build 52 | 13 52 . Greatest Support 40 | 40 40 . Greatest Overweight (x) 5 | . 5 . Average Overweight (x) . | . . . Largest Inventory Capacity 20 | 8 20 20 Average Capacity 12 | 7 12 20 Most Carried 14 | 3 14 14 Average Carried 8 | 1 8 13 Final Capacity 20 | 8 20 20 Final Carried 14 | 3 14 13 Class Distribution -------------------- 100% | Mutant Dominant Class ---------------- Mutant | -10/Materials Mutant | -10/Mines Resources | -11 -10 -10 ----------- Run | Yrd Mat Min Matter Collected 520 | 280 240 . Remotely . | . . . Salvage Created 966 | 141 780 45 Parts 55 | 6 49 . Haulers Intercepted 2 | . 2 . Recyclers Shooed 1 | 1 . . Parts Field Recycled . | . . . Retrieved Matter . | . . . Parts Self-Destructed . | . . . Prevented . | . . . Kills | -11 -10 -10 ------- Run | Yrd Mat Min Combat Hostiles Destroyed 22 | . 16 6 Guns 3 | . 2 1 Cannons 7 | . 7 . AOE 12 | . 7 5 Classes Destroyed 10 | 3 6 1 Worker 4 | 1 3 . Builder 1 | . 1 . Tunneler 1 | 1 . . Hauler 2 | . 2 . Recycler 2 | 1 1 . Operator 1 | . 1 . Watcher 1 | . 1 . Swarmer 3 | . 3 . Grunt 13 | . 13 . Assembled 6 | . . 6 Best Kill Streak 7 | 1 5 7 Combat Bots Only 6 | . 4 6 Max Kills in Single Turn 5 | 1 3 5 Gunslinging . | . . . Exploded 5 | . 3 5 Melee . | . . . Uniques/NPCs Destroyed . | . . . Combat | -11 -10 -10 -------- Run | Yrd Mat Min Hostile Shots Fired 108 | . 65 43 Missed 29 | . 17 12 Damage Taken 1181 | . 579 602 Core 276 | . 119 157 Absorbed by Shields . | . . . Regen/Repaired (Parts) 245 | . 245 . Core Remaining (%) 100 | 100 . . Volleys Fired 69 | 6 59 4 Largest 2 | 2 2 2 Hottest 120 | 80 120 120 Shots Fired 125 | 12 107 6 Gun 55 | 12 41 2 Cannon 60 | . 57 3 Launcher 10 | . 9 1 Special . | . . . Kinetic . | . . . Thermal 113 | 12 98 3 Explosive 10 | . 9 1 Electromagnetic 2 | . . 2 Robot Hit Streak 5 | 2 5 5 Robot Miss Streak 3 | 2 3 1 Penetration Max . | . . . Secondary Targets 1 | . 1 . Max Gunslinging Chain 1 | . 1 . Shots Hit Robots 67 | 6 56 5 Core Hits 46 | 4 31 11 Critical Kills . | . . . Critical Parts Destroyed . | . . . Critical Strikes . | . . . Melee Attacks . | . . . Impact . | . . . Slashing . | . . . Piercing . | . . . Sneak Attacks . | . . . Combat Hostiles . | . . . Follow-up Attacks . | . . . Damage Inflicted 1843 | 64 1384 395 Guns 348 | 64 261 23 Cannons 645 | . 593 52 Explosions 850 | . 530 320 Melee . | . . . Ramming . | . . . Kinetic . | . . . Thermal 970 | 64 854 52 Explosive 850 | . 530 320 Electromagnetic 23 | . . 23 Impact . | . . . Slashing . | . . . Piercing . | . . . Highest Corruption 9 | . . 9 Average Corruption 6 | . . 6 Corruption Purged . | . . . Corruption Blocked . | . . . Overload Shots . | . . . Overflow Damage . | . . . Projectiles . | . . . Explosions . | . . . Melee . | . . . Knockbacks . | . . . Impact . | . . . Kinetic . | . . . Secondary . | . . . Self-Inflicted Damage 21 | . 21 . Shots 1 | . 1 . Rammed . | . . . Targets Rammed . | . . . Kicked . | . . . Crushed . | . . . Highest Temperature 294 | 54 294 51 Average Temperature 65 | 24 70 30 Received Heat Transfer 297 | . 285 12 Effects 2 | . 2 . Interference 2 | . 2 . Siege Activations . | . . . Robots Corrupted . | . . . Combat Hostiles . | . . . Parts Fried . | . . . Impact Corruptions . | . . . Robots Melted . | . . . Combat Hostiles . | . . . Parts Melted . | . . . Heat Transferred 2237 | 150 1976 111 Parts Sabotaged . | . . . Parts Stolen . | . . . Parts Stripped . | . . . Power Chain Reactions . | . . . Alert | -11 -10 -10 ------- Run | Yrd Mat Min Peak Influence 247 | 15 247 46 Initial 46 | . 9 46 Average 118 | 4 129 40 Maximum Alert Level 1 | . 1 . Low Security (%) 79 | 100 76 100 Level 1 20 | . 23 . Level 2 . | . . . Level 3 . | . . . Level 4 . | . . . Level 5 . | . . . High Security . | . . . Max Security . | . . . Squads Dispatched 3 | . 3 . Investigation 2 | . 2 . Extermination . | . . . Reinforcement 1 | . 1 . Assault . | . . . Garrison . | . . . Intercept . | . . . Searches Triggered . | . . . Construction Impeded . | . . . Haulers Reinforced . | . . . Active Scanning Responses . | . . . Cargo Convoy Interrupts . | . . . Stealth | -11 -10 -10 --------- Run | Yrd Mat Min Distress Signals . | . . . Communications Jammed . | . . . Distress Signals . | . . . Times Spotted 44 | . 22 22 Peak Tracking Total 22 | . 4 22 Tactical Retreats . | . . . Traps | -11 -10 -10 ------- Run | Yrd Mat Min Traps Triggered 2 | . 2 . Indirectly . | . . . Trap Hack Attempts . | . . . Triggered . | . . . Disarmed . | . . . Reprogrammed . | . . . Reused . | . . . Traps Extracted . | . . . Installed . | . . . Triggered . | . . . Machines | -11 -10 -10 ---------- Run | Yrd Mat Min Machines Disabled 1 | . 1 . Max in Single Turn 1 | . 1 . Machines Repaired . | . . . Machines Dismantled . | . . . Machines Sabotaged . | . . . Overloaded Fab Kills . | . . . Hacking | -11 -10 -10 --------- Run | Yrd Mat Min Machines Accessed 9 | . 9 . Terminals 6 | . 6 . Fabricators . | . . . Repair Stations 1 | . 1 . Recycling Units 2 | . 2 . Scanalyzers . | . . . Garrison Access . | . . . Total Hacks 23 | . 23 . Successful 15 | . 15 . Failed 8 | . 8 . Catastrophic 1 | . 1 . Database Lockouts . | . . . Manual 12 | . 12 . Terminals 12 | . 12 . Fabricators . | . . . Repair Stations 6 | . 6 . Recycling Units 5 | . 5 . Scanalyzers . | . . . Garrison Access . | . . . Terminal Hacks 3 | . 3 . Prototype ID Bank 1 | . 1 . Branch Access Points 1 | . 1 . Terminal Index 1 | . 1 . Fabricator Hacks . | . . . Repair Station Hacks 6 | . 6 . Scan Component 3 | . 3 . Repair 3 | . 3 . Recycling Unit Hacks 1 | . 1 . Retrieve Components 1 | . 1 . Scanalyzer . | . . . Garrison Access Hacks . | . . . Unauthorized Hacks 5 | . 5 . Terminals 5 | . 5 . Botnet 5 | . 5 . Fabricators . | . . . Repair Stations . | . . . Recycling Units . | . . . Scanalyzers . | . . . Garrison Access . | . . . Data Cores Recovered . | . . . Used . | . . . Hacking Detections 6 | . 6 . Full Trace Events . | . . . Feedback Events . | . . . Feedback Blocked . | . . . Robot Schematics Acquired . | . . . Robots Built . | . . . Authchips . | . . . Time . | . . . Total Robot Build Rating . | . . . Part Schematics Acquired . | . . . Parts Built . | . . . Authchips . | . . . Time . | . . . Total Part Build Rating . | . . . Parts Repaired 3 | . 3 . Time 78 | . 78 . Parts Recycled . | . . . Recycled Matter . | . . . Retrieved Matter . | . . . Retrieved Components 1 | . 1 . Parts Scanalyzed . | . . . Part Schematics Acquired . | . . . Parts Damaged . | . . . Bothacking | -11 -10 -10 ------------ Run | Yrd Mat Min Used RIF Installer . | . . . Robots Hacked . | . . . Non-combat . | . . . Combat . | . . . Robot Hacks Applied . | . . . Relay Couplers Released . | . . . Fabnet Peak Effective % . | . . . Robots Rewired . | . . . Allies Hacked . | . . . Hacks Repelled . | . . . Allies | -11 -10 -10 -------- Run | Yrd Mat Min Total Allies . | . . . Largest Group . | . . . Highest-Rated Group . | . . . Highest-Rated Ally . | . . . Total Orders . | . . . Ally Attacks . | . . . Total Damage . | . . . Kills . | . . . Allies Corrupted . | . . . Allies Melted . | . . . Intel | -11 -10 -10 ------- Run | Yrd Mat Min Robot Analysis Total . | . . . Derelict Logs Recovered . | . . . Drone Launches . | . . . Drone Recoveries . | . . . Exploration | -11 -10 -10 ------------- Run | Yrd Mat Min Turns Passed 1419 | 123 1282 14 Spaces Moved 615 | 61 554 . Core 7 | 6 1 . Treads 608 | 55 553 . Legs . | . . . Wheels . | . . . Hover . | . . . Flight . | . . . Fastest Speed 50 | 50 160 . Average Speed 181 | 149 184 . Slowest Speed 320 | 160 320 . Overloaded Moves . | . . . Propulsion Burnouts . | . . . Robots Hopped . | . . . Cave-ins Triggered . | . . . Exploration Rate (%) 34 | 4 94 5 Regions Visited 2 Branch Regions 1 Pre-discovered Areas . | . . . Known Exits Taken 1 | . 1 . Unknown Exits Taken 1 | 1 . . Scrap Searched . | . . . Spaces Dug . | . . . Terrain Destroyed 51 | . 43 8 Melee . | . . . Projectile . | . . . AOE 51 | . 43 8 Terrain Rammed . | . . . Walls Destroyed . | . . . Machines Disabled . | . . . Actions | -11 -10 -10 --------- Run | Yrd Mat Min Total 788 | 77 704 7 Wait 57 | . 57 . Move 613 | 60 553 . Hop . | . . . Pick Up 15 | 3 12 . Fast Attach 11 | 7 4 . Attach 1 | . . 1 Detach 2 | . 2 . Swap 14 | 1 11 2 Drop 6 | . 6 . Fire 69 | 6 59 4 Melee . | . . . Ram . | . . . Kick . | . . . Crush . | . . . Escape Stasis . | . . . Rewire . | . . . Trap . | . . . Miscellaneous . | . . . Route ------- -11/Scrapyard -10/Materials (discovered 5 exits: [*Mat x3] / *Min x2) -10/Mines History --------- Turn | Location | Event 3 | -11/Scrapyard | Discovered new exit (range 15) 124 | -11/Scrapyard | Entered Materials 158 | -10/Materials | Identified exit to Mines 301 | -10/Materials | Build established: Mutant 496 | -10/Materials | Discovered new exit (range 15) 738 | -10/Materials | Discovered new exit (range 10) 1054 | -10/Materials | Discovered new exit (range 5) 1132 | -10/Materials | Repaired Lgt. Treads 1170 | -10/Materials | Repaired Lgt. Treads 1197 | -10/Materials | Repaired Lgt. Treads 1406 | -10/Materials | Entered Mines 1407 | -10/Mines | Assembled infested the area 1410 | -10/Mines | Core integrity fell below 50% 1418 | -10/Mines | Core integrity fell below 20% 1420 | -10/Mines | Destroyed by as-61379 with Assembled Blade Last Messages --------------- 01403_ K-01 Serf destroyed. LOCATION=MINES GOAL=ESCAPE Something is scanning the area. 01407_ ALERT: Infestation in the mines, dispatching Demolisher response squad. 01409_ G-47 Trooper destroyed. 01411_ as-34113 destroyed. 01411_ as-01098 destroyed. 01411_ as-08838 destroyed. 01411_ as-08863 destroyed. 01411_ as-41723 destroyed. 01411_ Grenade Launcher destroyed. 01411_ System corrupted by crushing effect (+5). 01411_ G-34 Mercenary destroyed. 01416_ Beam Cannon destroyed. 01416_ System corrupted by crushing effect (+4). 01418_ as-75751 destroyed. 01419_ Lgt. Treads destroyed. 01419_ Lgt. Armor Plating destroyed. Map ----- +----------------------------------------------------+ | | | | | | | | | | | | | | | | | | | | | | | | | | | ???????????????????????????????? | | ???????????????###?????????????? | | ??????????????? ##????????????? | | ?????????????? ##???????????? | | ????????????? ???????????? | | ???????????? ?????????????? | | ???????????# ??????????????? | | ??????????# #???????????????? | | ????????## a#????????????????? | | ???????? aa ##???????????????? | | ??????## % % # #??????????? | | ?????##aa aaa #??????????? | | ?????# @a! % #????????????????? | | ?????#aaa%[% #????????????????? | | ?????##aa* ###????????????????? | | ??????# ##??????????????????? | | ??????# #???????????????????? | | ??????## #???????????????????? | | ???????? ???????????????????? | | ????????# ??????????????????? | | ?????????# ?????????????????? | | ??????????# ?????????????????? | | ??????????? ????????????????? | | ???????????# ##???????????????? | | ????????????###????????????????? | | ???????????????????????????????? | | ???????????????????????????????? | | ???????????????????????????????? | | ???????????????????????????????? | | ???????????????????????????????? | | ???????????????????????????????? | | ???????????????????????????????? | | ???????????????????????????????? | | ???????????????????????????????? | | ???????????????????????????????? | | ???????????????????????????????? | | ???????????????????????????????? | +----------------------------------------------------+ Best States ------------- Heat Dissipation 35 Energy Generation 10 Energy Capacity 250 Matter Stores 300 Matter Capacity 300 Sight Range 16 Terrain Scan Range 16 Terrain Scan Density 10 Evasion (%) 40 Recoil Reduction 2 Item Schematics ----------------- None Robot Schematics ------------------ None Fabricated ------------ Nothing Alien Tech Used ----------------- None Achievements -------------- None Challenges ------------ None Game ------ Seed GravityImpactLoader Manual? 0 Play Time 00:08:47 Cumulative 141.5 hours Start 2024.05.01 @ 14:21:27 End 2024.05.01 @ 14:29:33 Sessions 1 Manual Loads 0 Difficulty Rogue Special Mode None Game No. 162 Rogue 162 Adventurer 0 Explorer 0 Win Type - Total 0 Types 0/0/0/0/0/0/0/0/0 Lore% 30 Gallery% 58 Achievement% 41 Wizard Run 0 Options --------- Layout 1 ASCII 0 Keyboard 1 Movement Vi Keybinds 0 Fullscreen 1 Font 24/Smallcaps Map View 50x35 Zoom Use 0% Tactical HUD 1 Map Filters NONE Filters NONE Steam 1 RUN: 232edd78-7e18-4863-9eec-7e986a3320b6